Get step-by-step instructions on how to execute this build order below. Start the game timer, and the build order will tick by so you can play in parallel with StarCraft on a second screen or mobile device.

Game Time

  0:00

Last Step

  N/A

Next Step

Upcoming Step



Don't want to look back and forth between 2 screens? Try out our Overwolf App, the Spawning Tool Build Advisor to get an in-game overlay with this build!

Complete Build Order

  15  1:11  Hatchery  
  17  1:35  Spawning Pool  
  17  1:40  Extractor  
  19  2:10  Overlord  
  28  2:50  Overlord  
  34  3:18  Hatchery  
  33  3:22  Overlord  
  39  3:41  Queen  
  39  3:46  Overlord  
  44  3:56  Queen